[Event "Titled Tuesday Blitz May 31 Late 2022"]
[White "Rastbod, Ali"]
[Black "Donchenko, Alexander"]
[WhiteFideId "12567477"]
[BlackFideId "24603295"]
[WhiteElo "2147"]
[BlackElo "2572"]
[Result "0-1"]
[Round "05"]
[TimeControl "180+1"]
[Date "2022.05.31"]
[WhiteClock "0:00:52"]
[BlackClock "0:02:36"]

1. c4 b6 2. Nf3 Bb7 3. g3 g6 4. Bg2 Bg7 5. O-O Nf6 6. d4 O-O 7. d5 e6 8. Nc3 exd5 9. cxd5 Re8 10. Nd4 Na6 11. e4 Nc5 12. Re1 Nxd5 13. Nxd5 Bxd5 14. exd5 Rxe1+ 15. Qxe1 Bxd4 16. d6 c6 17. Be3 Qf6 18. Bxd4 Qxd4 19. Rd1 Qxb2 20. Qe7 Qxa2 21. h4 Qe6 22. Qg5 Re8 23. Kh2 a5 24. Bh3 Qe2 25. Bg4 Qxf2+ 0-1


[Site "https://www.chess.com"]

[Event "Titled Tuesday Blitz May 31 Late 2022"]
[White "Riehle, Marco"]
[Black "Grischuk, Alexander"]
[WhiteFideId "12904392"]
[BlackFideId "4126025"]
[WhiteElo "2462"]
[BlackElo "2762"]
[Result "0-1"]
[Round "05"]
[TimeControl "180+1"]
[Date "2022.05.31"]
[WhiteClock "0:00:13"]
[BlackClock "0:00:09"]

1. e4 e6 2. c4 d5 3. cxd5 exd5 4. Qb3 Nf6 5. e5 Ne4 6. Nc3 Nxc3 7. bxc3 c5 8. Nf3 Nc6 9. Be2 Be7 10. O-O O-O 11. d4 Qb6 12. Qxd5 Rd8 13. Qe4 cxd4 14. cxd4 Nxd4 15. Nxd4 Qxd4 16. Qxd4 Rxd4 17. Bf3 Be6 18. Bxb7 Rb8 19. Bf3 Ra4 20. a3 Bc5 21. h3 h6 22. Rd1 Bd4 23. Rxd4 Rxd4 24. a4 Rdb4 25. Be3 Rb1+ 26. Rxb1 Rxb1+ 27. Kh2 a5 28. Bd2 Bd7 29. Bxa5 Bxa4 30. Be4 Rb5 31. Bc3 Rc5 32. Ba1 Bc6 33. Bxc6 Rxc6 34. f4 Rc2 35. Bd4 Kf8 36. Kg3 Ke7 37. Kf3 Ke6 38. Be3 Kd5 39. g4 Rc3 40. h4 Rb3 41. h5 Ra3 42. Ke2 Ke4 43. Bd2 Rh3 44. Bc1 Rh2+ 45. Ke1 Rh1+ 46. Kd2 Kxf4 47. Kc2+ Kxg4 48. Bb2 Rh2+ 49. Kb3 Rxb2+ 50. Kxb2 Kf5 0-1


[Site "https://www.chess.com"]

[Event "Titled Tuesday Blitz May 31 Late 2022"]
[White "Rosen, Eric"]
[Black "Taboas Rodriguez, Daniel"]
[WhiteFideId "2032562"]
[BlackFideId "2208466"]
[WhiteElo "2362"]
[BlackElo "2429"]
[Result "0-1"]
[Round "05"]
[TimeControl "180+1"]
[Date "2022.05.31"]
[WhiteClock "0:00:02"]
[BlackClock "0:00:10"]

1. d4 Nf6 2. Bf4 d5 3. e3 Bf5 4. Nf3 e6 5. Nbd2 Bd6 6. Ne5 O-O 7. Bd3 Bxd3 8. cxd3 c5 9. dxc5 Bxc5 10. O-O Nbd7 11. d4 Nxe5 12. dxc5 Nc6 13. Bd6 Re8 14. a3 b6 15. b4 bxc5 16. Bxc5 Nd7 17. Rc1 Nxc5 18. Rxc5 Ne5 19. Qa1 Qd6 20. Qc3 h5 21. h3 Ng6 22. Rd1 Rad8 23. Rc7 Rd7 24. Rc6 Qe5 25. Nf3 Qxc3 26. Rxc3 Ra8 27. Rdc1 f6 28. Nd4 e5 29. Nf5 Ne7 30. Nxe7+ Rxe7 31. Rd1 Rd7 32. Rc5 Rad8 33. Kf1 Kf7 34. Ke2 Ke6 35. Rc6+ Rd6 36. Rc7 R8d7 37. Rc8 h4 38. Re8+ Kf5 39. Rc8 g5 40. Kd3 Ra6 41. Rc3 d4 42. e4+ Kf4 43. Rb3 Rc7 44. b5 Ra4 45. Rg1 Rac4 46. Rgb1 Rc3+ 47. Kd2 Kxe4 48. a4 Rc2+ 49. Ke1 d3 50. a5 Re2+ 51. Kf1 Rcc2 52. f3+ Kf4 53. Rb4+ Kf5 54. Rg4 Rb2 55. Rxb2 Rxb2 56. b6 axb6 57. axb6 Rxb6 58. Ke1 Rb2 59. Kd1 Re2 60. Kc1 e4 61. Kd1 e3 62. Rd4 Rd2+ 63. Ke1 Kg6 64. Rd6 Rxg2 65. Rxd3 e2 66. Re3 Kf5 67. Re4 Rh2 68. Rg4 Rxh3 69. Kxe2 Rh2+ 70. Kf1 Ra2 71. Rb4 Kg6 72. Kg1 Kh5 73. Rb8 f5 74. Rh8+ Kg6 75. Rg8+ Kf6 76. Re8 g4 77. fxg4 fxg4 78. Rf8+ Kg5 79. Rf7 h3 80. Kh1 Kh4 81. Rf1 g3 82. Rf4+ Kg5 83. Rf3 Ra1+ 84. Rf1 Rxf1# 0-1


[Site "https://www.chess.com"]

[Event "Titled Tuesday Blitz May 31 Late 2022"]
[White "Rostovtsev, Dmitry"]
[Black "Koellner, Ruben Gideon"]
[WhiteFideId "34278320"]
[BlackFideId "12993093"]
[WhiteElo "2274"]
[BlackElo "2571"]
[Result "0-1"]
[Round "05"]
[TimeControl "180+1"]
[Date "2022.05.31"]
[WhiteClock "0:00:02"]
[BlackClock "0:00:04"]

1. e4 d6 2. d4 Nf6 3. Nc3 e5 4. Nf3 Nbd7 5. Bc4 Be7 6. O-O c6 7. a4 h6 8. Re1 Qc7 9. a5 Nf8 10. d5 Ng6 11. Bf1 cxd5 12. Nxd5 Nxd5 13. exd5 O-O 14. c4 Bd7 15. b4 b6 16. Bb2 f5 17. Qd2 Bf6 18. g3 Rae8 19. axb6 axb6 20. h4 Nh8 21. Ra6 Bc8 22. Ra8 Bd7 23. Ra3 Nf7 24. Rea1 Rb8 25. h5 Ng5 26. Nxg5 hxg5 27. g4 fxg4 28. Bd3 e4 29. Bxe4 Qxc4 30. Bg6 Qf4 31. Qxf4 gxf4 32. Bxf6 Rxf6 33. Ra7 Be8 34. Bxe8 Rxe8 35. Rd7 Re5 36. Raa7 Rg5 37. Kg2 Kh7 38. Rd8 Rxh5 39. Raa8 Rxd5 40. Re8 Kg6 41. Re4 Re5 42. Rd4 d5 43. Rd8 Kf5 44. R8xd5 Rxd5 45. Rxd5+ Ke4 46. Rb5 Rd6 47. Rg5 g6 48. Rxg4 Kf5 49. Rh4 Rd4 50. b5 f3+ 51. Kg3 Rxh4 52. Kxh4 Kf4 53. Kh3 g5 54. Kh2 g4 55. Kh1 g3 56. fxg3+ Kxg3 57. Kg1 Kg4 58. Kf1 Kf5 59. Kf2 Ke4 60. Ke1 Ke3 0-1


[Site "https://www.chess.com"]

[Event "Titled Tuesday Blitz May 31 Late 2022"]
[White "Rustemov, Alexander"]
[Black "Baches Garcia, Guillermo"]
[WhiteFideId "4119002"]
[BlackFideId "2209764"]
[WhiteElo "2794"]
[BlackElo "2501"]
[Result "1-0"]
[Round "05"]
[TimeControl "180+1"]
[Date "2022.06.01"]
[WhiteClock "0:00:54"]
[BlackClock "0:00:02"]

1. d4 Nf6 2. c4 e6 3. Nf3 d5 4. Nc3 c5 5. cxd5 Nxd5 6. g3 Nxc3 7. bxc3 cxd4 8. Qxd4 Nc6 9. Qxd8+ Nxd8 10. Bg2 Bd7 11. Ne5 Bc6 12. Nxc6 Nxc6 13. Rb1 O-O-O 14. Be3 Kc7 15. O-O b6 16. Rfd1 Bc5 17. Bf4+ e5 18. Bd2 Rd6 19. Be1 Rhd8 20. Rxd6 Rxd6 21. Kf1 Na5 22. e3 f5 23. e4 g6 24. Ke2 Nc4 25. Rd1 Rxd1 26. Kxd1 f4 27. Ke2 Kd6 28. Kd3 b5 29. h4 h6 30. Bh3 g5 31. h5 Nb2+ 32. Kc2 Nc4 33. Bc8 Kc7 34. Be6 Kd6 35. Bg8 Kc6 36. Bf7 Nd6 37. Bg6 Kb6 38. gxf4 gxf4 39. f3 Nc4 40. Bh4 Ne3+ 41. Kd3 Bf8 42. Bf6 Nc4 43. Bf7 Kc5 44. Ke2 Kd6 45. Be8 a6 46. a4 bxa4 47. Bxa4 Nb6 48. Bb3 Be7 49. Bg7 Bg5 50. Kd3 a5 51. Bf8+ Kc6 52. Kc2 Bh4 53. Bxh6 a4 54. Ba2 Bf6 55. Bf8 Nd7 56. Bb4 Kb5 57. h6 Nc5 58. Bf7 Na6 59. Be8+ Kc4 60. Bf8 1-0


[Site "https://www.chess.com"]

[Event "Titled Tuesday Blitz May 31 Late 2022"]
[White "Rychagov, Andrey"]
[Black "Niemann, Hans Moke"]
[WhiteFideId "4119932"]
[BlackFideId "2093596"]
[WhiteElo "2500"]
[BlackElo "2632"]
[Result "0-1"]
[Round "05"]
[TimeControl "180+1"]
[Date "2022.05.31"]
[WhiteClock "0:00:02"]
[BlackClock "0:00:04"]

1. d4 Nf6 2. c4 g6 3. Nc3 Bg7 4. e4 d6 5. Nf3 O-O 6. Be2 Bg4 7. Be3 e5 8. d5 a5 9. Nd2 Bxe2 10. Qxe2 Na6 11. O-O h5 12. h3 Nc5 13. b3 Nfd7 14. a3 f5 15. b4 axb4 16. axb4 Rxa1 17. Rxa1 Na6 18. exf5 gxf5 19. Qxh5 f4 20. Ba7 Nxb4 21. Nde4 b6 22. Nb5 Nc2 23. Ra2 Nd4 24. Qg6 Nf6 25. Ng5 Nxb5 26. Ne6 Qe7 27. Nxf8 Kxf8 28. cxb5 Qe8 29. Qd3 e4 30. Qc4 e3 31. fxe3 Qxe3+ 32. Kh2 Ne4 33. Qxc7 Be5 34. Qd8+ Kf7 35. Qd7+ Kg6 36. Qg4+ Kf7 37. Qe6+ Kg7 38. Qg4+ Kh6 39. Qh4+ Kg6 40. Qg4+ Kh7 41. Qf3 Ng3 42. Ra3 Qe1 43. Qd3+ Kg7 0-1


[Site "https://www.chess.com"]

[Event "Titled Tuesday Blitz May 31 Late 2022"]
[White "Samarth, J Rao"]
[Black "Proudian, Armen"]
[WhiteFideId "46652370"]
[BlackFideId "2130734"]
[WhiteElo "1514"]
[BlackElo "2380"]
[Result "0-1"]
[Round "05"]
[TimeControl "180+1"]
[Date "2022.06.01"]
[WhiteClock "0:00:01"]
[BlackClock "0:00:12"]

1. e4 e5 2. d4 exd4 3. Qxd4 Nc6 4. Qe3 Nf6 5. Bd2 Be7 6. Nc3 d5 7. exd5 Nxd5 8. Nxd5 Qxd5 9. O-O-O Qxa2 10. Bc3 Bd7 11. b3 O-O-O 12. Bd3 Ba3+ 13. Kd2 Bf5 14. Ra1 Rxd3+ 15. Qxd3 Bxd3 16. Rxa2 Bf1 17. Ne2 Rd8+ 18. Ke1 Bxe2 19. Kxe2 Bf8 20. Raa1 f6 21. Rad1 Bd6 22. g3 a5 23. f4 b5 24. Rd5 b4 25. Bb2 Kb7 26. Rhd1 Kb6 27. Kf3 Ra8 28. Ra1 Ne7 29. Rd3 Nc6 30. Bc1 Bc5 31. Be3 Bxe3 32. Kxe3 Re8+ 33. Kf2 Na7 34. Rd7 Rg8 35. Re1 Nb5 36. Ree7 g5 37. f5 h5 38. Re6+ Nd6 39. Rxf6 Kc6 40. Re7 Ra8 41. Rfe6 a4 42. bxa4 Rxa4 43. f6 Ra8 44. Re5 Rf8 45. Rxg5 Rxf6+ 46. Kg2 h4 47. gxh4 Rf4 48. Kg3 Rc4 49. Rg4 Nf5+ 50. Kf3 Rxg4 51. Re6+ Kd7 52. Rf6 Rxh4 53. Rxf5 Rxh2 54. Rf4 c5 55. Rc4 Kd6 56. Ke3 Kd5 57. Rg4 Rxc2 0-1


[Site "https://www.chess.com"]

[Event "Titled Tuesday Blitz May 31 Late 2022"]
[White "Sarana, Alexey"]
[Black "Harsh Suresh"]
[WhiteFideId "24133795"]
[BlackFideId "45018464"]
[WhiteElo "2666"]
[BlackElo "2020"]
[Result "1-0"]
[Round "05"]
[TimeControl "180+1"]
[Date "2022.05.31"]
[WhiteClock "0:01:33"]
[BlackClock "0:00:04"]

1. d4 g6 2. e4 Nf6 3. Nc3 d5 4. exd5 Nxd5 5. Bc4 Nxc3 6. bxc3 Bg7 7. Nf3 O-O 8. O-O c6 9. Re1 Bg4 10. h3 Bxf3 11. Qxf3 e6 12. a4 Nd7 13. a5 Rc8 14. Bf4 Re8 15. Bb3 Nf6 16. Be5 Nd5 17. c4 Ne7 18. Bxg7 Kxg7 19. c3 Nf5 20. c5 h5 21. Bc2 Qf6 22. a6 Re7 23. Be4 Nh4 24. Qxf6+ Kxf6 25. Reb1 bxa6 26. Rxa6 Rec7 27. Rba1 Nf5 28. Rxa7 Ne7 29. Kf1 g5 30. Ke2 Kg7 31. Kd3 f5 32. Bf3 g4 33. hxg4 hxg4 34. Bd1 Nd5 35. Bb3 Nf4+ 36. Kd2 Kf6 37. g3 Nh3 38. Ke3 Ng5 39. Bc2 Nh3 40. Rxc7 Rxc7 41. Ra6 e5 42. d5 f4+ 43. Ke2 Rb7 44. Rxc6+ Kg5 45. Rb6 Ra7 46. c6 Ra2 47. c7 Rxc2+ 48. Kd3 Rc1 49. c8=Q Nxf2+ 50. Kd2 Rd1+ 51. Ke2 f3+ 52. Kxf2 Rd2+ 53. Ke1 Re2+ 54. Kf1 Rc2 55. Qg8+ Kf5 56. Qg6# 1-0


[Site "https://www.chess.com"]

[Event "Titled Tuesday Blitz May 31 Late 2022"]
[White "Sargsyan, Anna M."]
[Black "Moroni, Luca Jr"]
[WhiteFideId "13308130"]
[BlackFideId "865834"]
[WhiteElo "2271"]
[BlackElo "2573"]
[Result "0-1"]
[Round "05"]
[TimeControl "180+1"]
[Date "2022.05.31"]
[WhiteClock "0:00:06"]
[BlackClock "0:00:56"]

1. d4 g6 2. g3 Bg7 3. Bg2 d6 4. Nf3 Bd7 5. O-O Qc8 6. Re1 Nc6 7. e4 Bg4 8. c3 e5 9. Be3 Nf6 10. Qc2 O-O 11. Nbd2 Re8 12. dxe5 Nxe5 13. Nxe5 dxe5 14. c4 Qd7 15. c5 Qc6 16. Nc4 Rad8 17. b4 b6 18. a4 Bf8 19. b5 Qe6 20. a5 Bxc5 21. Bxc5 bxc5 22. Ne3 Bh3 23. Bh1 Rd4 24. Qxc5 Nxe4 25. Qxa7 Qf6 26. Re2 Nd2 27. Qxd4 exd4 28. Nd5 Nf3+ 29. Bxf3 Qxf3 30. Rxe8+ Kg7 31. Nf4 Bd7 32. Ree1 Bxb5 33. a6 Bc6 34. Kf1 d3 35. Nxd3 Qxd3+ 36. Kg1 Ba8 37. a7 c5 38. Red1 Qf3 39. Kf1 c4 40. Rdc1 c3 0-1


[Site "https://www.chess.com"]

[Event "Titled Tuesday Blitz May 31 Late 2022"]
[White "Sjugirov, Sanan"]
[Black "Shimanov, Aleksandr"]
[WhiteFideId "4189302"]
[BlackFideId "4198603"]
[WhiteElo "2602"]
[BlackElo "2605"]
[Result "1/2-1/2"]
[Round "05"]
[TimeControl "180+1"]
[Date "2022.05.31"]
[WhiteClock "0:00:03"]
[BlackClock "0:00:02"]

1. Nf3 d5 2. e3 Nf6 3. c4 e6 4. Nc3 Be7 5. b3 O-O 6. Bb2 c5 7. cxd5 Nxd5 8. Be2 Nc6 9. O-O b6 10. Nxd5 Qxd5 11. d4 Rd8 12. Rc1 Bb7 13. dxc5 Bxc5 14. Qxd5 Rxd5 15. a3 a5 16. Rfd1 Rad8 17. Rxd5 Rxd5 18. Kf1 Kf8 19. Ne1 Rd8 20. Nd3 Be7 21. Ke1 g5 22. g3 f6 23. f4 g4 24. Bf1 h5 25. Nf2 Kf7 26. Bg2 Rc8 27. Be4 Nd8 28. Rxc8 Bxc8 29. Bd3 Nb7 30. Bc2 Nd6 31. Ne4 Bb7 32. Nxd6+ Bxd6 33. a4 Bb4+ 34. Kf2 Bc5 35. Bc3 Bd5 36. Ke2 f5 37. Be5 Kg6 38. Kf2 h4 39. gxh4 Be7 40. Bd4 Bxh4+ 41. Ke2 Bd8 42. Kf2 Kh5 43. e4 Bxe4 44. Bxe4 fxe4 45. Ke3 Kh4 46. Kxe4 Kh3 47. f5 exf5+ 48. Kxf5 Bc7 49. Bg1 Kh4 50. Bf2+ Kh3 51. Bg1 Kg2 52. Bd4 Kf3 53. Bg1 Kg2 54. Bd4 Kh3 55. Bg1 1/2-1/2


[Site "https://www.chess.com"]

[Event "Titled Tuesday Blitz May 31 Late 2022"]
[White "Suder, Jakub"]
[Black "Livaic, Leon"]
[WhiteFideId "1195310"]
[BlackFideId "14531534"]
[WhiteElo "2058"]
[BlackElo "2540"]
[Result "0-1"]
[Round "05"]
[TimeControl "180+1"]
[Date "2022.05.31"]
[WhiteClock "0:00:02"]
[BlackClock "0:00:03"]

1. d4 d5 2. c4 e6 3. Nc3 Nf6 4. cxd5 exd5 5. Bg5 c6 6. e3 Be6 7. Bd3 Nbd7 8. Nge2 h6 9. Bh4 g5 10. Bg3 Nh5 11. Be5 Nxe5 12. dxe5 Bg7 13. Nd4 Bxe5 14. Nxe6 fxe6 15. Qxh5+ Kd7 16. Qf7+ Qe7 17. Qxe7+ Kxe7 18. f3 a5 19. O-O-O a4 20. a3 b5 21. Na2 Rhb8 22. Kb1 c5 23. Rc1 Kd6 24. Rc2 b4 25. axb4 cxb4 26. f4 gxf4 27. exf4 Bxf4 28. Rf2 Be5 29. Rc1 b3 30. Nc3 a3 31. Nb5+ Rxb5 32. Bxb5 axb2 33. Rc6+ Ke7 34. Ra6 Rc8 35. Ra7+ Kd6 36. Rd7+ Kc5 37. Bf1 Ra8 38. Rxb2 Bxb2 39. Kxb2 Rf8 40. Bd3 Rf2+ 41. Kxb3 Rxg2 42. h4 Rh2 43. Re7 Kd4 44. Bc2 e5 45. Kb2 Rxh4 46. Bb3 Rh2+ 47. Ka3 e4 48. Rd7 Rh5 49. Kb4 Re5 50. Bd1 Kd3 51. Rh7 Kd2 0-1


[Site "https://www.chess.com"]

[Event "Titled Tuesday Blitz May 31 Late 2022"]
[White "Toncheva, Nadya"]
[Black "Kohler, Aran"]
[WhiteFideId "2924056"]
[BlackFideId "1002856"]
[WhiteElo "1888"]
[BlackElo "2256"]
[Result "1/2-1/2"]
[Round "05"]
[TimeControl "180+1"]
[Date "2022.06.01"]
[WhiteClock "0:00:17"]
[BlackClock "0:00:09"]

1. e4 e5 2. Nf3 Nc6 3. Bc4 Nf6 4. d3 Be7 5. O-O O-O 6. Re1 d6 7. c3 Bg4 8. Nbd2 Rb8 9. a4 a6 10. a5 h6 11. Nf1 d5 12. exd5 Nxd5 13. h3 Bh5 14. g4 Bg6 15. Nxe5 Nxe5 16. Rxe5 c6 17. Qf3 Bd6 18. Re1 Re8 19. Bd2 Rxe1 20. Bxe1 Nf4 21. Bd2 Qc7 22. Re1 Rf8 23. Ng3 Nxh3+ 24. Kf1 Bxg3 25. fxg3 Ng5 26. Qf4 Qxa5 27. Re7 Qa1+ 28. Bc1 Ne6 29. Qd2 b5 30. Bb3 Nc5 31. Bc2 Rd8 32. d4 Bxc2 33. Qxc2 Nb3 34. Qxb3 Qxc1+ 35. Kg2 Qd2+ 36. Kh3 Rf8 37. Rc7 Qf2 38. Rxc6 Qg1 39. Qd5 Qf1+ 40. Qg2 Qd3 41. Rxa6 b4 42. Rc6 b3 43. Rb6 Qc2 44. d5 Re8 45. Qf1 Re2 46. Rb8+ Kh7 47. Qf5+ Qxf5 48. gxf5 Rxb2 49. c4 Rc2 50. Rxb3 Rxc4 51. Rd3 Rc8 52. d6 Rd8 53. d7 Kg8 54. Kg4 Kf8 55. f6 gxf6 56. Kf5 Ke7 57. g4 Rxd7 58. Rxd7+ Kxd7 59. Kxf6 Ke8 60. Kg7 Ke7 61. Kxh6 Kf6 62. Kh5 Kg7 63. Kg5 f6+ 64. Kf5 Kf7 65. Kf4 Kg6 66. Kf3 Kg5 67. Kg3 f5 68. gxf5 Kxf5 1/2-1/2


[Site "https://www.chess.com"]

[Event "Titled Tuesday Blitz May 31 Late 2022"]
[White "Vajda, Levente"]
[Black "Sadhwani, Raunak"]
[WhiteFideId "1203975"]
[BlackFideId "35093487"]
[WhiteElo "2573"]
[BlackElo "2616"]
[Result "0-1"]
[Round "05"]
[TimeControl "180+1"]
[Date "2022.05.31"]
[WhiteClock "0:00:18"]
[BlackClock "0:00:51"]

1. e4 e5 2. Nf3 Nc6 3. Bc4 d6 4. d4 exd4 5. Nxd4 Nf6 6. Nc3 Be7 7. O-O O-O 8. a4 Re8 9. Ba2 Nxd4 10. Qxd4 Nd7 11. Bf4 Bf6 12. Qc4 Rf8 13. Rfe1 Ne5 14. Qe2 Ng6 15. Bg3 Be6 16. Nd5 Bxd5 17. Bxd5 c6 18. Ba2 Be5 19. c3 Qf6 20. Rad1 Rad8 21. Qe3 a6 22. Qb6 Rd7 23. Rd3 h5 24. Rf3 Qd8 25. Qxd8 Rfxd8 26. Rd1 h4 27. Bxe5 Nxe5 28. Re3 g5 29. f3 Kg7 30. Kf2 Kf6 31. g3 hxg3+ 32. hxg3 Rh8 33. Kg2 Ke7 34. Rh1 Rxh1 35. Kxh1 b5 36. a5 Rb7 37. b4 Rc7 38. f4 gxf4 39. gxf4 Ng6 40. e5 Nxf4 41. exd6+ Kxd6 42. c4 Re7 43. Rxe7 Kxe7 44. cxb5 cxb5 45. Kg1 Nd3 46. Bd5 Nxb4 47. Bb7 Kd7 48. Kf2 Kc7 49. Be4 Nc6 50. Bd5 f6 51. Ke3 Nxa5 52. Kd4 Nc6+ 53. Kc5 Nb8 54. Be6 Nd7+ 55. Kd5 Nb6+ 56. Kc5 Na4+ 57. Kb4 Kb6 0-1


[Site "https://www.chess.com"]

[Event "Titled Tuesday Blitz May 31 Late 2022"]
[White "Vasquez Schroeder, Rodrigo"]
[Black "Djokic, Mihailo"]
[WhiteFideId "3400042"]
[BlackFideId "976440"]
[WhiteElo "2567"]
[BlackElo "2202"]
[Result "1-0"]
[Round "05"]
[TimeControl "180+1"]
[Date "2022.05.31"]
[WhiteClock "0:00:21"]
[BlackClock "0:00:02"]

1. e4 c5 2. Nf3 d6 3. d4 cxd4 4. Nxd4 Nf6 5. Nc3 g6 6. h3 Nc6 7. Nde2 h5 8. g3 Bd7 9. Bg2 Qc8 10. Nf4 Bg7 11. Ncd5 O-O 12. O-O Re8 13. Nxf6+ Bxf6 14. Kh2 Bg7 15. Nd5 b5 16. Rb1 b4 17. Be3 Rb8 18. Bg5 Be6 19. Re1 Rb7 20. Qd2 Nd4 21. c3 bxc3 22. bxc3 Rxb1 23. Rxb1 Nc6 24. Rb5 Qd7 25. Qb2 Bxd5 26. exd5 Ne5 27. Rb7 Qf5 28. Rxe7 Rxe7 29. Bxe7 Nd3 30. Qc2 Be5 31. c4 h4 32. Bxh4 f6 33. Kg1 Bd4 34. g4 Ne1 35. gxf5 Nxc2 36. fxg6 Kg7 37. Be4 Na3 38. Bd3 Be5 39. Bg3 f5 40. Bxe5+ dxe5 41. d6 Kxg6 42. d7 1-0


[Site "https://www.chess.com"]

[Event "Titled Tuesday Blitz May 31 Late 2022"]
[White "Wieczorek, Oskar"]
[Black "Shuvalova, Polina"]
[WhiteFideId "1133950"]
[BlackFideId "24171760"]
[WhiteElo "2330"]
[BlackElo "2355"]
[Result "1/2-1/2"]
[Round "05"]
[TimeControl "180+1"]
[Date "2022.05.31"]
[WhiteClock "0:00:11"]
[BlackClock "0:00:14"]

1. e4 c5 2. Nf3 d6 3. d4 cxd4 4. Nxd4 Nf6 5. Nc3 a6 6. Be2 e5 7. Nf3 Be7 8. Bg5 Be6 9. Bxf6 Bxf6 10. O-O O-O 11. Nd5 Nd7 12. Bc4 Rc8 13. Qe2 b5 14. Bb3 Nc5 15. Rfd1 Bg5 16. c3 Bh6 17. Bc2 Rb8 18. b4 Nd7 19. a4 Bxd5 20. Rxd5 Nb6 21. Rdd1 bxa4 22. Bxa4 Qc7 23. Qd3 Rfc8 24. Qxd6 Qxd6 25. Rxd6 Nxa4 26. Rxa4 Rxc3 27. h4 Bf4 28. g3 Rxf3 29. Kg2 Rb3 30. gxf4 exf4 31. Rdxa6 h6 32. Ra8 Rxb4 33. Rxb8+ Rxb8 34. e5 g5 35. hxg5 hxg5 36. Kf3 Re8 37. Ke4 Re6 38. Kf5 Rg6 39. Ra7 Kg7 40. e6 Rxe6 41. Kxg5 Re2 42. Kxf4 Rxf2+ 43. Kg3 Rf6 44. Ra4 Rg6+ 45. Kf3 Kf6 46. Kf2 Ke7 47. Ra3 Rf6+ 48. Ke1 Rb6 49. Kf1 Ke6 50. Rc3 f5 51. Ra3 Ke5 52. Rc3 Ke4 53. Ra3 Rb2 54. Rc3 Kf4 55. Ra3 Rc2 56. Rb3 Rc4 57. Ra3 Rb4 58. Rc3 Re4 59. Ra3 Re3 60. Ra2 Kg3 61. Rg2+ Kf4 62. Ra2 Ke4 63. Kf2 Rf3+ 64. Ke2 Rb3 65. Ra4+ Ke5 66. Kf2 Kf6 67. Kg2 Kg5 68. Kf2 Rb2+ 69. Kf3 Rb3+ 70. Kf2 Kh5 71. Kg2 Kg5 72. Kf2 1/2-1/2


[Site "https://www.chess.com"]

[Event "Titled Tuesday Blitz May 31 Late 2022"]
[White "Winkels, Marcel"]
[Black "Kujawski, Adam"]
[WhiteFideId "1003887"]
[BlackFideId "1100920"]
[WhiteElo "1900"]
[BlackElo "1982"]
[Result "0-1"]
[Round "05"]
[TimeControl "180+1"]
[Date "2022.06.01"]
[WhiteClock "0:00:01"]
[BlackClock "0:00:03"]

1. e4 e5 2. Nc3 Nf6 3. f4 d5 4. fxe5 Nxe4 5. Nf3 Bc5 6. d4 Bb4 7. Bd2 c5 8. Bb5+ Nc6 9. O-O Bxc3 10. bxc3 O-O 11. Bd3 f6 12. exf6 Nxf6 13. Bg5 c4 14. Be2 Bf5 15. Rb1 b6 16. Ne5 Bd7 17. Bf3 Kh8 18. Qe1 Qc7 19. Nxc6 Bxc6 20. Qh4 Rae8 21. Bf4 Qd7 22. Be5 Kg8 23. Qg3 Ne4 24. Bxe4 dxe4 25. Rbd1 Rf7 26. Rxf7 Qxf7 27. Rf1 Qg6 28. Qxg6 hxg6 29. Rd1 Bd5 30. Kf2 Rf8+ 31. Ke3 Rf5 32. Bg3 Kf7 33. a4 Ke6 34. a5 bxa5 35. Ra1 Rf7 36. Rxa5 Rb7 37. Ra6+ Kf5 38. Rd6 Rb5 39. Rd8 a5 40. Rf8+ Ke6 41. Rd8 a4 42. Rd6+ Ke7 43. Ra6 Rb2 44. Kd2 e3+ 45. Kxe3 Rxc2 46. Ra5 Bxg2 47. Rxa4 Rxc3+ 48. Kf2 Bd5 49. Ra5 Bf7 50. Ra7+ Kf6 51. Ra6+ Kf5 52. Ra5+ Ke4 53. Ra7 Rc2+ 54. Kg1 Bd5 55. Re7+ Kd3 56. Rxg7 c3 0-1


[Site "https://www.chess.com"]

[Event "Titled Tuesday Blitz May 31 Late 2022"]
[White "Xiong, Jeffery"]
[Black "Bazeev, German"]
[WhiteFideId "2047640"]
[BlackFideId "24119350"]
[WhiteElo "2727"]
[BlackElo "2493"]
[Result "1-0"]
[Round "05"]
[TimeControl "180+1"]
[Date "2022.05.31"]
[WhiteClock "0:00:07"]
[BlackClock "0:00:07"]

1. e4 c5 2. Nf3 d6 3. Nc3 Nf6 4. d4 cxd4 5. Qxd4 a6 6. e5 Nc6 7. Qa4 dxe5 8. Nxe5 Bd7 9. Nxd7 Qxd7 10. Be3 e6 11. Rd1 Qc7 12. Be2 Be7 13. O-O O-O 14. Bf4 Qb6 15. Ne4 Nd5 16. Bc1 Rfd8 17. c3 Qc7 18. Qc2 Rac8 19. Qb1 Nf6 20. Nxf6+ Bxf6 21. Qe4 Rxd1 22. Rxd1 Rd8 23. Rxd8+ Qxd8 24. g3 Qd5 25. Bd3 Ne5 26. Qxh7+ Kf8 27. Be2 Nf3+ 28. Bxf3 Qxf3 29. Be3 Qd1+ 30. Kg2 Qd5+ 31. f3 Qxa2 32. Bc5+ Ke8 33. Qg8+ Kd7 34. Qxf7+ Kc6 35. Bf2 Qxb2 36. Qxe6+ Kc7 37. Qf7+ Kc8 38. Qc4+ Kd7 39. Qd5+ Kc7 40. c4 Qe5 41. Qd3 Qc3 42. Qe4 a5 43. g4 Qd2 44. Kf1 Qd1+ 45. Kg2 Qd2 46. Kf1 Qd1+ 47. Qe1 Qxe1+ 48. Bxe1 a4 49. Bb4 b5 50. cxb5 Kb6 51. f4 Kxb5 52. Bf8 g6 53. Ke2 Kc4 54. g5 Bc3 55. h4 Kb3 56. Kf3 Bb4 57. Bxb4 Kxb4 58. h5 gxh5 59. g6 a3 60. g7 a2 61. g8=Q a1=Q 62. Qf8+ Kc4 63. Qf7+ Kc5 64. Qxh5+ Kd6 65. Qe8 Qh1+ 66. Kg3 Qg1+ 67. Kh4 Qg7 68. Kh5 Qh7+ 69. Kg5 Qh2 70. Qe5+ Kd7 71. Kg6 Qg2+ 72. Qg5 Qf2 73. Qf5+ Ke7 74. Qf7+ Kd6 75. Qf6+ Kd7 76. Qf7+ Kd6 77. f5 Qg3+ 78. Kh7 Qh4+ 79. Kg8 Qd8+ 80. Kg7 Qd7 81. Qxd7+ Kxd7 82. f6 1-0


[Site "https://www.chess.com"]

[Event "Titled Tuesday Blitz May 31 Late 2022"]
[White "Batsiashvili, Nino"]
[Black "Djabri,Massinas"]
[WhiteFideId "13602993"]
[BlackFideId "7905726"]
[WhiteElo "2193"]
[BlackElo "1941"]
[Result "0-1"]
[Round "06"]
[TimeControl "180+1"]
[Date "2022.06.01"]
[WhiteClock "0:00:12"]
[BlackClock "0:00:12"]

1. d4 d5 2. c4 e6 3. Nf3 Nf6 4. Nc3 Be7 5. Bf4 O-O 6. e3 a6 7. Rc1 dxc4 8. Bxc4 b5 9. Be2 Bb7 10. Ne5 Nbd7 11. Bf3 Qc8 12. Nc6 Bxc6 13. Bxc6 Rb8 14. O-O Bd6 15. Qf3 Qd8 16. Ne4 Nxe4 17. Bxe4 Qe7 18. Rc6 e5 19. Bg3 exd4 20. exd4 Nf6 21. Bd3 Qd7 22. Bh4 Nd5 23. Rfc1 Nb4 24. Bf5 Qe8 25. Qh5 h6 26. R6c3 Nxa2 27. Bf6 Nxc1 28. Rxc1 Bf4 29. Qg4 Bg5 30. Bxg5 hxg5 31. Qxg5 g6 32. h4 Rb6 33. h5 Qd8 34. Qg3 Qf6 35. Bd3 Qd6 36. Qg4 Re8 37. hxg6 fxg6 38. g3 Rc6 39. Rxc6 Qxc6 40. Kh2 Re1 41. Qc8+ Kg7 42. Kh3 Qe6+ 43. Qxe6 Rxe6 44. Kg4 Rd6 45. Bxg6 Kxg6 46. Kf3 Rxd4 47. Ke3 Rb4 48. f4 Rxb2 49. g4 Rb4 50. Kf3 a5 51. Kg3 c5 52. Kh4 a4 53. f5+ Kf6 0-1


[Site "https://www.chess.com"]

[Event "Titled Tuesday Blitz May 31 Late 2022"]
[White "Bettalli, Francesco"]
[Black "Leitao, Rafael"]
[WhiteFideId "2816453"]
[BlackFideId "2101246"]
[WhiteElo "2216"]
[BlackElo "2609"]
[Result "1-0"]
[Round "06"]
[TimeControl "180+1"]
[Date "2022.06.01"]
[WhiteClock "0:00:14"]
[BlackClock "0:00:07"]

1. d4 Nf6 2. Nc3 d5 3. Bf4 e6 4. Nb5 Na6 5. e3 c6 6. Nc3 Be7 7. Nf3 O-O 8. Bxa6 bxa6 9. O-O c5 10. Ne5 Bb7 11. Na4 cxd4 12. exd4 Rc8 13. c3 a5 14. Re1 Nd7 15. Nd3 Ba6 16. Rc1 Re8 17. h3 Bb5 18. Be3 Bd6 19. Nac5 Nxc5 20. Nxc5 Bxc5 21. dxc5 e5 22. Qg4 Bc6 23. Rcd1 Qf6 24. b4 axb4 25. cxb4 d4 26. Bc1 h6 27. Rd3 Re6 28. Rg3 Rce8 29. Qd1 Qf5 30. a4 a6 31. Qb3 e4 32. b5 axb5 33. axb5 Rb8 34. Qc4 Rxb5 35. Qxd4 Qe5 36. Qxe5 Rxe5 37. Bxh6 g6 38. Be3 Rd5 39. Ra1 Rd8 40. h4 Kh7 41. Ra6 Rd1+ 42. Kh2 Rbb1 43. Rg4 Bd7 44. Rxe4 Rh1+ 45. Kg3 Rbg1 46. f3 Bh3 47. Ra2 Be6 48. Bxg1 Bxa2 49. Kf2 Bd5 50. Rd4 Bc6 51. Rd6 Bb5 52. Rb6 Be8 53. Rb4 g5 54. hxg5 Kg6 55. f4 Bc6 56. g4 Bd5 57. Rd4 Ba8 58. c6 Rh8 59. c7 Rc8 60. Rd6+ Kh7 61. Rd8 Rxc7 62. Rxa8 1-0


[Site "https://www.chess.com"]